 Dungeon Crawl Stone Soup version 0.20.0-8-g6b59dc7 (webtiles) character file.

91 MTVSty1e the Insei (level 4, -2/37 HPs)
             Began as a Draconian Transmuter on June 1, 2017.
             Was an Initiate of Makhleb.
             Slain by a gnoll (6 damage)
             ... on level 2 of the Dungeon.
             The game lasted 00:03:56 (1982 turns).

MTVSty1e the Insei (Draconian Transmuter)           Turns: 1982, Time: 00:03:56

Health: -2/37      AC:  2    Str: 12    XL:     4   Next: 33%
Magic:  1/7        EV: 19    Int: 14    God:    Makhleb [......]
Gold:   106        SH:  0    Dex: 17    Spells: 3/7 levels left

rFire    . . .     SeeInvis .     - Unarmed
rCold    . . .     Gourm    .   (shield currently unavailable)
rNeg     . . .     Faith    .   (armour unavailable)
rPois    x         Spirit   .   (helmet currently unavailable)
rElec    .         Reflect  .   (cloak currently unavailable)
rCorr    .         Harm     .   (gloves currently unavailable)
MR       .....                  (boots currently unavailable)
Stlth    ++........             i - amulet of regeneration
Regen    0.6/turn               (no ring)
MPRegen  0.1/turn               (no ring)

@: spider-form (expiring), very slightly contaminated
A: unfitting armour, AC +5
a: End Transformation, Renounce Religion


You were on level 2 of the Dungeon.
You worshipped Makhleb.
Makhleb was noncommittal.
You were not hungry.
You were a venomous arachnid creature.
You visited 1 branch of the dungeon, and saw 3 of its levels.

You collected 106 gold pieces.

Inventory:

Hand Weapons
 h - a +0 short sword of speed (melded)
Missiles
 a - 48 arrows
Armour
 p - a +0 shield
Jewellery
 i - an amulet of regeneration (around neck)
Scrolls
 d - 2 scrolls of fear {unknown}
 e - 2 scrolls of magic mapping {unknown}
 g - 4 scrolls of identify
 j - a scroll of recharging {unknown}
 m - a scroll of enchant armour {unknown}
 o - a scroll of teleportation {unknown}
Potions
 k - a potion of heal wounds
 l - a potion of curing {unknown}
 n - 2 potions of brilliance {unknown}
Books
 b - a book of Changes

   Spells                             Type                      Level
   a - Beastly Appendage              Transmutation                1
   b - Sticks to Snakes               Transmutation                2
   c - Spider Form                    Transmutation/Poison         3
   d - Ice Form                       Ice/Transmutation            4
   e - Blade Hands                    Transmutation                5
Comestibles
 c - a bread ration
 f - 2 royal jellies
 q - a meat ration
 r - 3 fruits


   Skills:
 + Level 2.5 Fighting
 - Level 1.7 Dodging
 * Level 4.5 Unarmed Combat
 + Level 2.0 Spellcasting
 * Level 2.0 Transmutations


You had 3 spell levels left.
You knew the following spells:

 Your Spells              Type           Power        Failure   Level  Hunger
a - Beastly Appendage     Tmut           #.....       24%         1    ##.....
b - Spider Form           Tmut/Pois      #.........   65%         3    ####...


Dungeon Overview and Level Annotations

Branches:
Dungeon (3/15)

Altars:
Makhleb


Innate Abilities, Weirdness & Mutations

((Your plain brown scales are hard. (AC +5)))
You cannot fit into any form of body armour.
((You are cold-blooded and may be slowed by cold attacks.))


Message History

You hit the gnoll but do no damage.
The gnoll is poisoned.
The gnoll is heavily wounded.
The gnoll closely misses you. The gnoll barely misses you.
You hit the gnoll.
The gnoll looks as sick as possible!
The gnoll is almost dead.
The gnoll hits you.
* * * LOW HITPOINT WARNING * * *
The gnoll barely misses you.
You barely miss the gnoll.
The gnoll is almost dead.
You kill the gnoll!
Makhleb accepts your kill. The gnoll barely misses you.
You hit the gnoll.
The gnoll is poisoned.
The gnoll is lightly wounded.
The gnoll barely misses you.
You hit the gnoll.
The gnoll is moderately wounded.
The gnoll hits you.
You die...

###.....#.##.............#(#####.
###....(#.##.............(((.....
..................##.##)##.##....
##.................#.##.##.##.#..
####...#.###......#.##.##.##.#..
#...#.###......#.##.##.......
#................##.##..#.#..
#####...........)#.#.##.......#..
................s#.#.#####..###..
######.........)g................
...# #..#.#############.###.###.#
...# #..#.# #####'###.# #.#
...###..#.# #......##.###.#
...+......# #......##.....#
..[###..#.# #......########
...')#..#.# #......# ...#....#.#
#......#


You could see a gnoll.

Vanquished Creatures
  A hound (D:2)
  2 gnolls (D:2)
  A dart slug (D:1)
  2 leopard geckos
  3 orcs (D:3)
  A giant cockroach (D:1)
  3 goblins
  5 hobgoblins
  A quokka (D:2)
  7 bats
  A frilled lizard (D:1)
  7 kobolds
  3 rats
37 creatures vanquished.

Notes
Turn   | Place    | Note
-------+----------+-------------------------------------------
     0 | D:1      | MTVSty1e the Draconian Transmuter began the quest for the Orb.
     0 | D:1      | Reached XP level 1. HP: 16/16 MP: 3/3
   476 | D:1      | Reached XP level 2. HP: 20/23 MP: 5/5
  1186 | D:2      | Reached XP level 3. HP: 29/29 MP: 6/6
  1300 | D:2      | Found a burning altar of Makhleb.
  1316 | D:2      | Reached skill level 4 in Unarmed Combat
  1321 | D:2      | Became a worshipper of Makhleb the Destroyer
  1757 | D:3      | Reached XP level 4. HP: 35/37 MP: 7/7
  1844 | D:2      | Learned a level 3 spell: Spider Form
  1982 | D:2      | Slain by a gnoll

Skill      XL: |  1  2  3 |
---------------+----------+-----
Fighting       | 2 |  2.5
Unarmed Combat | 4 |  4.5
Dodging        | |  1.7
Spellcasting   | |  2.0
Transmutations | |  2.0

Action                   |  1- 3 |  4- 6 || total
-------------------------+-------+-------++-------
Melee: Unarmed           |    20 |     5 ||    25
       Short sword       |   129 |    22 ||   151
       Tailslap          |    16 |     6 ||    22
       Kick              |     1 |     2 ||     3
       Headbutt          |     1 |       ||     1
       Punch             |     1 |     1 ||     2
 Cast: Beastly Appendage |     5 |     1 ||     6
       Spider Form       |       |     1 ||     1
  Use: Scroll            |     2 |       ||     2
 Stab: Sleeping          |     1 |       ||     1
  Eat: Bread ration      |     1 |       ||     1
Armor: Skin              |    48 |     3 ||    51
Dodge: Dodged            |    98 |    15 ||   113
